 Dungeon Crawl Stone Soup version 0.22-a0-223-g0f5d773 (webtiles) character file.

74 wolfsongas the Charmwright (level 4, 0/38 HPs)
             Began as a Gnoll Skald on Feb 19, 2018.
             Was a Follower of Trog.
             Slain by a goblin
             ... wielding a +0 club
             ... led by Robin
              (6 damage)
             ... on level 3 of the Dungeon.
             The game lasted 00:02:52 (1479 turns).

wolfsongas the Charmwright (Gnoll Skald)            Turns: 1479, Time: 00:02:52

Health: 0/38       AC:  3    Str: 13    XL:     4   Next: 30%
Magic:  11/11      EV: 14    Int: 16    God:    Trog [*.....]
Gold:   99         SH:  0    Dex: 15    Spells: 12/13 levels left

rFire    . . .     SeeInvis .   k - +1 short sword (freeze)
rCold    . . .     Gourm    .   (no shield)
rNeg     . . .     Faith    .   b - +0 leather armour
rPois    .         Spirit   .   (no helmet)
rElec    .         Reflect  .   (no cloak)
rCorr    .         Harm     .   (no gloves)
MR       .....                  (no boots)
Stlth    +++.......             (no amulet)
HPRegen  0.12/turn              j - ring of stealth
MPRegen  0.12/turn              (no ring)

@: flying
A: distributed training, fangs 1, strong nose
a: Berserk, Renounce Religion


You were on level 3 of the Dungeon.
You worshipped Trog.
Trog was aware of your devotion.
You were hungry.

You visited 1 branch of the dungeon, and saw 3 of its levels.

You collected 99 gold pieces.

Inventory:

Hand Weapons
 k - a +1 short sword of freezing (weapon)
Armour
 b - a +0 leather armour (worn)
Jewellery
 j - a ring of stealth (left hand)
Wands
 a - a wand of polymorph (8)
 o - a wand of acid (8)
Scrolls
 g - a scroll of amnesia {unknown}
 i - a scroll of teleportation {unknown}
 m - a scroll of identify {unknown}
Potions
 e - a potion of flight
Comestibles
 c - 3 rations


   Skills:
 + Level 4.6 Fighting
 + Level 1.0 Short Blades
 + Level 1.0 Long Blades
 + Level 1.0 Axes
 + Level 4.6 Maces & Flails
 + Level 1.0 Polearms
 + Level 1.0 Staves
 + Level 1.0 Slings
 + Level 1.0 Bows
 + Level 1.0 Crossbows
 + Level 1.0 Throwing
 + Level 2.7 Armour
 + Level 4.6 Dodging
 + Level 1.0 Stealth
 + Level 1.0 Shields
 + Level 1.0 Unarmed Combat
 + Level 5.0 Spellcasting
 + Level 0.8 Conjurations
 + Level 0.8 Hexes
 + Level 5.4 Charms
 + Level 0.8 Summonings
 + Level 0.8 Necromancy
 + Level 0.8 Translocations
 + Level 0.8 Transmutations
 + Level 0.8 Fire Magic
 + Level 0.8 Ice Magic
 + Level 0.8 Air Magic
 + Level 0.8 Earth Magic
 + Level 0.8 Poison Magic
 + Level 1.1 Invocations
 + Level 1.0 Evocations


You had 12 spell levels left.
You knew the following spells:

 Your Spells              Type           Power        Failure   Level  Hunger
a - Infusion              Chrm           ###.         1%          1    None


Dungeon Overview and Level Annotations

Branches:
Dungeon (3/15)

Altars:
Gozag
Trog

Annotations:
D:3 Robin


Innate Abilities, Weirdness & Mutations

Your experience applies equally to all skills.
You have very sharp teeth.
Your uncanny sense of smell can sniff out nearby items.


Message History

Confirm with . or Enter, or press ? or * to list all spells.
Casting this spell will place you under penance.
Really cast?
Okay, then.
There are monsters nearby!
You closely miss the kobold.
The frilled lizard hisses angrily.
You bite the kobold, but do no damage. The goblin hits you but does no damage.
The goblin barely misses you. The goblin closely misses you.
The kobold hits you with a short sword.
* * * LOW HITPOINT WARNING * * *
The goblin closely misses you.
You hit the kobold. You freeze the kobold.
You kill the kobold!
Trog accepts your kill. The goblin hits you with a dagger.
* * * LOW HITPOINT WARNING * * *
The goblin hits you.
* * * LOW HITPOINT WARNING * * *
The goblin hits you with a club.
You die...

... .... ### .....
#.######## ....##
#.#....... ....#
#.#.#####. #g#.# #.#.#
#. .g.# #.#.# #.
####gg# #.#.# #.
#..g@g# ##.#.# #.
#.###g###.#....# #.
#......#..### ##
#.#.####..#
...#.......#
..####..####'#######
#....###..#..........#
#. #.................#
o #..####...........#


You could see Robin and 6 goblins.

Vanquished Creatures
  An adder (D:3)
  An ooze (D:1)
  2 leopard geckos
  An orc (D:3)
  A ball python (D:2)
  5 giant cockroaches (D:1)
  10 goblins
  4 hobgoblins
  7 jackals
  A quokka (D:2)
  5 bats
  A frilled lizard (D:1)
  6 kobolds
  4 rats
49 creatures vanquished.

Notes
Turn   | Place    | Note
-------+----------+-------------------------------------------
     0 | D:1      | wolfsongas the Gnoll Skald began the quest for the Orb.
     0 | D:1      | Reached XP level 1. HP: 20/20 MP: 6/6
    40 | D:1      | Reached XP level 2. HP: 22/26 MP: 0/7
   420 | D:1      | Reached XP level 3. HP: 30/31 MP: 9/9
   453 | D:1      | Reached skill level 5 in Spellcasting
   598 | D:2      | Reached skill level 1 in Invocations
   662 | D:2      | Found a faded altar of an unknown god.
   670 | D:2      | Became a worshipper of Trog the Wrathful
   670 | D:2      | Reached * piety under Trog
   809 | D:2      | Found an opulent altar of Gozag.
  1114 | D:3      | Reached skill level 1 in Short Blades
  1114 | D:3      | Reached skill level 1 in Long Blades
  1114 | D:3      | Reached skill level 1 in Axes
  1114 | D:3      | Reached skill level 1 in Polearms
  1114 | D:3      | Reached skill level 1 in Staves
  1114 | D:3      | Reached skill level 1 in Slings
  1114 | D:3      | Reached skill level 1 in Bows
  1114 | D:3      | Reached skill level 1 in Crossbows
  1114 | D:3      | Reached skill level 1 in Throwing
  1114 | D:3      | Reached skill level 1 in Stealth
  1114 | D:3      | Reached skill level 1 in Shields
  1114 | D:3      | Reached skill level 1 in Unarmed Combat
  1114 | D:3      | Reached skill level 1 in Evocations
  1358 | D:3      | Reached XP level 4. HP: 28/38 MP: 11/11
  1463 | D:3      | Noticed Robin
  1479 | D:3      | Slain by a goblin

Vault maps used:
D:1:      minmay_arrival_open_corners, grunt_decor_cap
D:2:      first_ration, chequers_ecumenical_altar_simple_redux,
          grunt_gozag_breadcrumbs
D:3:      uniq_robin

Skill      XL: |  1  2  3 |
---------------+----------+-----
Spellcasting   | 5 |  5.0
Invocations    | 1 |  1.1
Short Blades   | 1 |  1.0
Long Blades    | 1 |  1.0
Axes           | 1 |  1.0
Polearms       | 1 |  1.0
Staves         | 1 |  1.0
Slings         | 1 |  1.0
Bows           | 1 |  1.0
Crossbows      | 1 |  1.0
Throwing       | 1 |  1.0
Stealth        | 1 |  1.0
Shields        | 1 |  1.0
Unarmed Combat | 1 |  1.0
Evocations     | 1 |  1.0
Fighting       | |  4.6
Maces & Flails | |  4.6
Armour         | |  2.7
Dodging        | |  4.6
Conjurations   | |  0.8
Hexes          | |  0.8
Charms         | |  5.4
Summonings     | |  0.8
Necromancy     | |  0.8
Translocations | |  0.8
Transmutations | |  0.8
Fire Magic     | |  0.8
Ice Magic      | |  0.8
Air Magic      | |  0.8
Earth Magic    | |  0.8
Poison Magic   | |  0.8

Action                   |  1- 3 |  4- 6 || total
-------------------------+-------+-------++-------
Melee: Mace              |    61 |       ||    61
       Bite              |     4 |     2 ||     6
       Short sword       |    38 |    16 ||    54
       Unarmed           |     2 |       ||     2
 Cast: Infusion          |     4 |       ||     4
  Use: Potion            |     7 |     1 ||     8
 Stab: Sleeping          |     4 |     1 ||     5
       Confused          |     1 |       ||     1
  Eat: Chunk             |     1 |       ||     1
Armor: Leather armour    |    23 |     3 ||    26
Dodge: Dodged            |    79 |    32 ||   111

Table legend:
 A = Spawn XP
 B = Non-spawn XP
 C = Spawn XP percentage of total XP
 D = Spawn monster count
 E = Non-spawn monster count
 F = Spawn count percentage of total count
 G = Total turns spent on level
                    A         B        C        D         E        F      G
               +---------+---------+-------+---------+---------+-------+---------
         Total |       0 |     107 |   0.0 |       0 |      49 |   0.0 |  1479
               +---------+---------+-------+---------+---------+-------+---------
           D:1 |       0 |      50 |   0.0 |       0 |      26 |   0.0 |   613
           D:2 |       0 |      25 |   0.0 |       0 |      13 |   0.0 |   498
           D:3 |       0 |      32 |   0.0 |       0 |      10 |   0.0 |   368
               +---------+---------+-------+---------+---------+-------+---------
